Map: Cerulean Fall LE

Players

archangelpwn

  • Race: Zerg Zerg
  • League: Diamond
  • Spawn Location: 7:00

Woogie - Winner!

  • Race: Zerg Zerg
  • League: Diamond
  • Spawn Location: 1:00

VOD

Have the link to the VOD?

Description

I get past the half way mark at the map and start a base race when I see his army on the other side of the map coming in for the attack and double backing and continuing his route to my base. I'm able to get drones to a corner base and get a satellite base up and running and finish off his last building.

Time

  • Played on: Sept. 17, 2018, 4:47 p.m.
  • Length: 13:11
Show
View Real Time Build Order
Export as new Build Order

archangelpwn Zerg 

Build Orders: Hatch First 

Get SALT Encoding   

  12  0:01  Drone  
  13  0:13  Overlord  
  13  0:17  Drone  
  14  0:23  Extractor, Drone  
  15  0:31  Drone  
  15  0:35  Drone  
  17  0:46  Drone  
  18  0:56  Hatchery  
  17  0:58  Drone  
  17  1:00  Extractor  
  17  1:15  Spawning Pool  
  17  1:17  Drone  
  17  1:21  Drone  
  18  1:29  Drone  
  19  1:40  Overlord  
  19  1:51  Drone  
  20  2:01  Metabolic Boost  
  20  2:02  Queen  
  20  2:03  Zergling x2  
  20  2:08  Queen  
  25  2:10  Zergling x2  
  25  2:13  Zergling x2  
  27  2:19  Zergling x2  
  28  2:23  Baneling Nest  
  28  2:26  Zergling x2  
  28  2:30  Drone  
  28  2:34  Zergling x2  
  30  2:43  Queen  
  32  2:46  Drone  
  33  2:56  Overlord  
  34  2:58  Zergling x4  
  35  3:08  Drone  
  35  3:25  Zergling x4  
  35  3:26  Zergling x10  
  41  3:37  Zergling x4  
  38  3:56  Zergling x10  
  42  4:04  Baneling x5  
  42  4:05  Baneling, Zergling x2  
  42  4:34  Roach Warren  
  34  5:10  Drone x7  
  34  5:11  Drone  
  34  5:12  Baneling x2  
  34  5:13  Baneling x3  
  42  5:16  Overlord x2  
  42  5:22  Drone  
  38  5:37  Hatchery  
  37  5:43  Roach  
  37  5:44  Roach x6  
  51  5:51  Roach x4  
  59  6:01  Overlord  
  58  6:15  Roach  
  59  6:21  Evolution Chamber  
  58  6:26  Roach x3  
  64  6:33  Extractor  
  64  6:37  Extractor  
  62  6:45  Overlord x2  
  62  6:54  Zergling x4  
  64  7:05  Drone x2  
  64  7:06  Drone x7  
  73  7:20  Lair  
  73  7:30  Zerg Missile Weapons Level 1  
  73  7:36  Baneling  
  71  8:01  Burrow  
  71  8:02  Drone x2  
  71  8:03  Overlord  
  71  8:04  Overlord  
  73  8:19  Tunneling Claws  
  73  8:24  Drone x2  
  73  8:25  Roach Warren, Drone x4  
  73  8:26  Drone  
  80  8:27  Drone x3  
  80  8:29  Drone x3  
  85  8:45  Hydralisk Den  
  85  8:47  Extractor  
  83  8:59  Hatchery  
  82  9:15  Glial Reconstitution  
  82  9:21  Roach x2  
  82  9:22  Roach  
  82  9:23  Overlord x3  
  88  9:25  Zerg Missile Weapons Level 2  
  88  9:43  Roach x12  
  112  9:47  Overlord  
  112  9:48  Overlord  
  112  9:54  Lurker Den  
  111  10:02  Pneumatized Carapace  
  111  10:03  Baneling, Overseer  
  111  10:18  Roach x30  
  111  10:24  Zergling x10  
  111  10:25  Zergling x2  
  111  10:26  Drone  
  111  10:27  Drone x7  
  125  10:29  Hydralisk x5, Roach x30  
  125  10:34  Baneling  
  103  11:05  Roach  
  103  11:06  Hatchery, Roach x6  
  88  11:20  Hydralisk  
  90  11:31  Roach x32  
  72  11:43  Roach x27  
  72  11:46  Roach x27  
  65  11:49  Roach x27  
  55  12:07  Roach x25  
  55  12:13  Roach x25  
Show
View Real Time Build Order
Export as new Build Order

Woogie Zerg - Winner!

Build Orders: Hatch First 

Get SALT Encoding   

  12  0:01  Drone  
  13  0:13  Overlord  
  13  0:17  Drone  
  14  0:32  Drone x2  
  16  0:37  Drone  
  17  0:54  Hatchery  
  17  0:56  Drone  
  17  1:10  Spawning Pool  
  16  1:12  Drone  
  16  1:15  Extractor  
  16  1:17  Drone  
  17  1:21  Drone  
  18  1:28  Drone  
  19  1:39  Overlord  
  19  2:00  Drone, Queen  
  22  2:01  Drone  
  23  2:09  Queen  
  23  2:10  Drone  
  23  2:12  Drone  
  27  2:17  Metabolic Boost  
  27  2:28  Zergling x4  
  29  2:30  Drone  
  30  2:38  Overlord  
  30  2:39  Drone  
  31  2:57  Drone x2  
  31  2:58  Drone, Queen  
  34  2:59  Queen  
  34  3:03  Zergling x2  
  39  3:14  Baneling Nest  
  39  3:15  Zergling x2  
  39  3:16  Zergling x8  
  43  3:26  Zergling x4  
  40  3:56  Drone x4  
  44  4:05  Overlord x2  
  44  4:08  Roach Warren  
  43  4:11  Extractor, Evolution Chamber, Drone, Queen  
  43  4:13  Extractor, Drone  
  44  4:17  Baneling x2  
  43  4:51  Baneling  
  42  4:55  Baneling  
  34  5:08  Drone x3  
  34  5:09  Drone x5  
  42  5:32  Zergling x4  
  42  5:33  Zergling x4  
  42  5:34  Hatchery  
  44  5:48  Roach  
  44  5:49  Roach x4  
  54  5:50  Lair  
  54  6:12  Hatchery  
  54  6:17  Overlord x3, Drone  
  54  6:19  Zerg Missile Weapons Level 1  
  54  6:20  Drone x2  
  54  6:21  Drone  
  57  6:39  Drone x3  
  60  6:48  Baneling x2  
  60  6:54  Roach x5  
  62  6:59  Roach x3  
  75  7:09  Roach x2  
  75  7:12  Overlord  
  79  7:19  Drone  
  80  7:30  Overlord x2  
  77  7:55  Roach x7  
  77  7:56  Roach x2  
  95  8:01  Drone  
  95  8:02  Drone x2  
  98  8:07  Hydralisk Den  
  98  8:09  Evolution Chamber  
  98  8:12  Extractor  
  95  8:13  Zerg Ground Armor Level 1  
  95  8:19  Drone  
  96  8:20  Drone x6  
  102  8:28  Extractor  
  102  8:32  Extractor  
  100  8:42  Overlord x5  
  100  8:45  Zerg Missile Weapons Level 2, Grooved Spines  
  100  9:05  Hydralisk  
  100  9:06  Hydralisk x4  
  100  9:08  Drone x3  
  100  9:09  Drone x8  
  121  9:11  Hatchery  
  121  9:16  Glial Reconstitution  
  120  9:25  Zergling x6  
  120  9:26  Zergling x4  
  125  9:32  Queen  
  125  9:33  Queen x2  
  125  9:34  Queen  
  133  9:43  Hydralisk  
  133  9:44  Hydralisk x3  
  141  9:52  Infestation Pit  
  140  9:56  Spire  
  138  10:15  Hydralisk  
  138  10:16  Hydralisk x6  
  128  11:09  Mutalisk  
  128  11:10  Mutalisk x8  
  107  11:28  Drone  
  107  11:29  Drone x5  
  97  11:55  Overseer x5  
  95  12:03  Hatchery  
  89  12:38  Drone x4  
  89  12:39  Drone x2  
  91  12:55  Drone x2  
Tags
 
Add a new tag
Caveats
  • Supply blocks, unpowered buildings, or Contaminate may cause inaccurate times.
  • Supply counts are checked every 10 seconds.